 Dungeon Crawl Stone Soup version 0.30.0-7-g0c4daa9e05 (webtiles) character file.

Game seed: 12732474805763813662

728 Atelerd the Sneak (level 7, 0/43 HPs)
             Began as an Octopode Earth Elementalist on May 13, 2023.
             Was an Initiate of Sif Muna.
             Killed by miscasting Petrify (7 damage)
             ... on level 5 of the Dungeon.
             The game lasted 00:05:04 (4825 turns).

Atelerd the Sneak (Octopode Earth Elementalist)     Turns: 4825, Time: 00:05:05

Health: 0/43       AC:  1    Str:  7    XL:     7   Next: 72%
Magic:  10/14      EV: 13    Int: 19    God:    Sif Muna [......]
Gold:   192        SH:  0    Dex: 13    Spells: 11/16 levels left

rFire   . . .        d - +0 short sword
rCold   . . .        (no shield)
rNeg    . . .        (helmet restricted)
rPois   .            i - amulet of magic regeneration
rElec   .            u - +4 ring of slaying
rCorr   .            (no ring)
SInv    .            (no ring)
Will    .....        (no ring)
Stlth   ++++         (no ring)
HPRegen 0.27/turn    (no ring)
MPRegen 0.54/turn    (no ring)
                     (no ring)

%: no passive effects
@: very slightly contaminated
A: almost no armour, amphibious, 8 rings, camouflage 1, gelatinous body 1,
(nimble swimmer 1), tentacles
a: Renounce Religion


You were on level 5 of the Dungeon.
You worshipped Sif Muna.
Sif Muna was noncommittal.
You visited 2 branches of the dungeon, and saw 6 of its levels.

You collected 192 gold pieces.

Inventory:

Hand Weapons
 d - a +0 short sword (weapon)
Jewellery
 i - an amulet of magic regeneration (around mantle)
 m - an amulet of guardian spirit
 u - a +4 ring of slaying (left tentacle)
Wands
 n - a wand of charming (4)
Scrolls
 e - a scroll of enchant weapon {unknown}
 f - 2 scrolls of identify
 k - a scroll of amnesia {unknown}
 l - a scroll of poison {unknown}
 p - 2 scrolls of teleportation {unknown}
 r - a scroll of magic mapping {unknown}
 s - a scroll of enchant armour {unknown}
Potions
 a - a potion of magic
 b - a potion of cancellation {unknown}
 c - a potion of mutation {unknown}
 g - 2 potions of haste {unknown}
 h - a potion of might {unknown}
 o - 2 potions of attraction {unknown}
 q - a potion of degeneration {unknown}
 t - a potion of heal wounds {unknown}
Miscellaneous
 j - a phial of floods


   Skills:
 - Level 1.0 Fighting
 - Level 1.0 Short Blades
 + Level 2.4 Dodging
 + Level 5.4 Stealth
 + Level 5.1 Spellcasting
 + Level 2.3 Transmutations
 + Level 5.2 Earth Magic


You had 11 spell levels left.
You knew the following spells:

 Your Spells              Type           Power      Damage    Failure   Level
a - Sandblast             Erth           48%        2d12      1%          1
p - Petrify               Tmut/Erth      19%        N/A       26%         4

Your spell library contained the following spells:

 Spells                   Type           Power      Damage    Failure   Level
 Passwall                 Tmut/Erth      15%        N/A       3%          2
 Apportation              Tloc           8%         N/A       12%         1
 Stone Arrow              Conj/Erth      28%        3d8       13%         3
 Ensorcelled Hibernation  Hex/Ice        8%         N/A       19%         2
 Gell's Gravitas          Tloc           4%         N/A       36%         3
 Swiftness                Air            4%         N/A       36%         3
 Teleport Other           Tloc           4%         N/A       36%         3
 Alistair's Intoxication  Tmut/Pois      6%         N/A       91%         5
 Dispersal                Tloc           2%         N/A       100%        6


Dungeon Overview and Level Annotations

Branches:
Dungeon (5/15)             Temple (1/1) D:4

Altars:
Ashenzari
Cheibriados
Dithmenos
Fedhas
Hepliaklqana
Kikubaaqudgha
Makhleb
Nemelex Xobeh
Okawaru
Qazlal
Ru
Sif Muna
Wu Jian
Xom
Yredelemnul

Shops:
D:1 =(=:


Innate Abilities, Weirdness & Mutations

You cannot wear most types of armour.
You are amphibious.
You can wear up to eight rings at the same time.
Your skin changes colour to match your surroundings (Stealth+).
Your rubbery body absorbs attacks. (AC +1, EV +1)
((You are camouflaged when in or above water. (Stealth+)))
You have tentacles for arms and can constrict up to eight enemies at once.


Message History

The ogre misses you.
You hit the ogre.
The ogre is almost dead.
The ogre hits you with a +0 giant spiked club!!!
Ouch! That really hurt!
* * * LOW HITPOINT WARNING * * *
You hear a bark!
You are too injured to fight recklessly!
An ogre is nearby!
Unknown command.
Casting: Petrify (quite dangerous; 28% risk of failure)
Confirm with . or Enter, or press ? or * to list all spells.
Aiming: Sandblast (safe; 1% risk of failure)
Press: ? - help, Shift-Dir - straight line, f - ogre
Aim: an ogre, wielding a +0 giant spiked club (almost dead, 92% to hit)
The blast of sand hits the ogre!!
You kill the ogre!
Sif Muna accepts your kill.
Unknown command.
Unknown command.
You start resting.
Magic restored.
You start resting.
A hound comes into view.
A hound is nearby!
A hound is nearby!
A hound is nearby!
A hound is nearby!
A hound is nearby!
The hound barks!
The hound stops to sniff the ground.
Casting: Sandblast (safe; 1% risk of failure)
Confirm with . or Enter, or press ? or * to list all spells.
The spell is quite dangerous to miscast (26% risk of failure)!
Continue anyway?
Aiming: Petrify (quite dangerous; 26% risk of failure)
Press: ? - help, Shift-Dir - straight line, f - hound
Aim: a hound (chance to affect: 61%)
You miscast Petrify.
You are very lightly contaminated with residual magic.
You are caught in an explosion of flying shrapnel.
You die...

#.# #.#.#
#.#.# #.#.#
#.#.# #
##.#.##.#
#?.#....#
#.##)#.#######
#.....h.@....#
####.#######.#
... #$#. #.#.
# #. #. .^


You could see a hound.

Vanquished Creatures
  An ogre (D:5)
  A scorpion (D:5)
  A howler monkey (D:5)
  A jelly (D:4)
  A hound (D:4)
  A sleepcap (D:5)
  Ijyb (D:3)
  Jessica (D:3)
  2 iguanas
  2 orc wizards
  Robin (D:3)
  11 gnolls
  7 adders
  An ufetubus (D:4)
  2 worms
  3 dart slugs
  6 orcs
  8 endoplasms
  3 giant cockroaches
  17 goblins
  12 hobgoblins
  4 jackals
  5 quokkas
  5 ball pythons
  8 bats
  5 frilled lizards
  7 kobolds
  3 rats
120 creatures vanquished.

Notes
Turn   | Place    | Note
-------+----------+-------------------------------------------
     0 | D:1      | Atelerd the Octopode Earth Elementalist began the quest for
                  | the Orb.
     0 | D:1      | Reached XP level 1. HP: 11/11 MP: 3/3
    38 | D:1      | Found Duaki's Book Shop.
    82 | D:1      | Found Xuakuz's Antique Weapon Shop.
    82 | D:1      | Found Zeosedda's Jewellery Shop.
   367 | D:1      | Reached XP level 2. HP: 17/17 MP: 5/5
   379 | D:1      | Found a faded altar of an unknown god.
   635 | D:1      | Reached XP level 3. HP: 21/21 MP: 3/6
   672 | D:1      | Found Sunodaecve's Jewellery Boutique.
   986 | D:2      | Reached XP level 4. HP: 23/27 MP: 5/8
  1319 | D:3      | Learned a level 4 spell: Petrify
  1553 | D:3      | Noticed Ijyb
  1605 | D:3      | Killed Ijyb
  1606 | D:3      | Reached XP level 5. HP: 32/32 MP: 1/9
  1883 | D:3      | Noticed Jessica
  1888 | D:3      | Killed Jessica
  1889 | D:3      | Reached skill level 1 in Fighting
  2008 | D:3      | Reached skill level 1 in Short Blades
  2037 | D:3      | Noticed Robin
  2054 | D:3      | Killed Robin
  2322 | D:3      | Found a hazy altar of Hepliaklqana.
  2322 | D:3      | Found a blossoming altar of Fedhas.
  2323 | D:3      | Found an ancient bone altar of Kikubaaqudgha.
  2915 | D:3      | Reached XP level 6. HP: 38/38 MP: 9/11
  3457 | D:4      | Found a staircase to the Ecumenical Temple.
  3825 | D:4      | Reached skill level 5 in Stealth
  3846 | D:4      | Reached skill level 5 in Earth Magic
  3846 | D:4      | Reached XP level 7. HP: 20/43 MP: 11/13
  4325 | D:5      | Entered Level 5 of the Dungeon
  4454 | Temple   | Entered the Ecumenical Temple
  4527 | Temple   | Became a worshipper of Sif Muna the Loreminder
  4700 | D:5      | Reached skill level 5 in Spellcasting
  4825 | D:5      | Killed by miscasting Petrify

Illustrated notes

Levels and vault maps discovered:
D:1:      wheals_arrival_shading, layout_rooms, serial_shops, shop,
          nicolae_shop_statue_plus, nicolae_shop_stone, shop,
          ebering_ecumenical_altar_box
D:2:      layout_rooms, nicolae_elevator_lobby_plus
D:3:      kennysheep_six_static_rooms, layout_loops_corners,
          gammafunk_temple_overflow_forgotten, minmay_checkerbox, uniq_jessica,
          uniq_ijyb, uniq_robin
D:4:      minmay_angry_zag, layout_loops_ring, minmay_temple_entry_grid
D:5:      layout_basic
Temple:   nicolae_temple_hex_pool

Skill      XL: |  1  2  3  4  5  6  7 |
---------------+----------------------+-----
Stealth        | 3 4 5 |  5.4
Earth Magic    | 4 5 |  5.2
Spellcasting   | 3 4 5 |  5.1
Fighting       | 1 |  1.0
Short Blades   | 1 |  1.0
Transmutations | 2 |  2.3
Dodging        | |  2.4

Action                     |  1- 3 |  4- 6 |  7- 9 || total
---------------------------+-------+-------+-------++-------
  Melee: Unarmed           |     4 |     5 |       ||     9
         Constrict         |     3 |    12 |     2 ||    17
         Tentacles         |     2 |    15 |     1 ||    18
         Short sword       |     7 |    53 |     8 ||    68
   Cast: Sandblast         |    35 |    93 |    25 ||   153
         Petrify           |       |     2 |     2 ||     4
    Use: Potion            |       |     1 |       ||     1
         Scroll            |       |     2 |       ||     2
   Stab: Sleeping          |     3 |     2 |     1 ||     6
         Petrified         |       |     4 |     3 ||     7
         Petrifying        |       |     1 |       ||     1
 Armour: Skin              |       |     4 |       ||     4
  Dodge: Dodged            |    10 |    59 |     9 ||    78
